 Dungeon Crawl Stone Soup version 0.29.1-1-gd02db6906a (webtiles) character file.

Game seed: 15293439373804761017

1073 Earthwalker the Covered (level 8, -10/68 HPs)
             Began as a Minotaur Fighter on Oct 10, 2022.
             Mangled by a gnoll sergeant
             ... wielding a +0 trident
              (12 damage)
             ... on level 5 of the Dungeon.
             The game lasted 00:11:52 (6117 turns).

Earthwalker the Covered (Minotaur Fighter)          Turns: 6117, Time: 00:11:53

Health: -10/68     AC:  7    Str: 22    XL:     8   Next: 7%
Magic:  8/8        EV: 10    Int:  5    God:
Gold:   238        SH:  0    Dex: 11    Spells: 7/7 levels left

rFire   . . .      SeeInvis +   i - +0 spear
rCold   . . .      Faith    .   (no shield)
rNeg    . . .      Spirit   .   b - +0 scale mail
rPois   .          Reflect  .   (helmet restricted)
rElec   .          Harm     .   (no cloak)
rCorr   .          Rampage  .   (no gloves)
Will    .....                   (no boots)
Stlth   ..........              (no amulet)
HPRegen 0.21/turn               r - ring of see invisible
MPRegen 0.11/turn               (no ring)

@: no status effects
A: horns 2, retaliatory headbutt
a: no special abilities


You were on level 5 of the Dungeon.
You visited 1 branch of the dungeon, and saw 5 of its levels.

You collected 238 gold pieces.

Inventory:

Hand Weapons
 a - a +0 trident
 i - a +0 spear (weapon)
Missiles
 e - 2 javelins (quivered)
Armour
 b - a +0 scale mail (worn)
 c - a +0 buckler
 x - a +2 kite shield
Jewellery
 r - a ring of see invisible (left hand)
 s - a +6 ring of dexterity
Wands
 t - a wand of paralysis (7)
Scrolls
 g - 3 scrolls of teleportation
 o - 2 scrolls of identify
 w - a scroll of immolation
Potions
 d - 3 potions of might
 f - a potion of ambrosia {unknown}
 h - a potion of heal wounds
 j - 2 potions of berserk rage {unknown}
 k - 2 potions of curing
 l - a potion of cancellation {unknown}
 m - 3 potions of attraction
 n - a potion of magic {unknown}
 p - a potion of haste {unknown}
 q - 4 potions of lignification {unknown}
 u - 2 potions of flight {unknown}
 v - a potion of degeneration {unknown}


   Skills:
 * Level 5.0 Fighting
 * Level 6.0 Polearms
 * Level 2.2 Throwing
 * Level 6.1 Armour
 * Level 2.3 Dodging
 * Level 2.1 Stealth
 * Level 4.8 Shields
 * Level 2.4 Invocations
 * Level 1.9 Evocations


You had 7 spell levels left.
You didn't know any spells.
Your spell library contained the following spells:

 Spells                   Type           Power      Damage    Failure   Level
 Summon Small Mammal      Summ           0%         N/A       78%         1
 Poisonous Vapours        Pois/Air       0%         N/A       89%         2
 Call Canine Familiar     Summ           0%         N/A       98%         3
 Ignite Poison            Fire/Tmut/Pois 0%         N/A       98%         3
 Mephitic Cloud           Conj/Pois/Air  0%         N/A       98%         3
 Summon Guardian Golem    Hex/Summ       0%         N/A       98%         3
 Corpse Rot               Necr/Pois/Air  0%         N/A       100%        4
 Fulminant Prism          Conj/Hex       0%         3d6       100%        4
 Iskenderun's Mystic Bla  Conj/Tloc      0%         2d3       100%        4
 Freezing Cloud           Conj/Ice/Air   0%         6-21      100%        5
 Lee's Rapid Deconstruct  Erth           0%         3d5*      100%        5


Dungeon Overview and Level Annotations

Branches:
Dungeon (5/15)
 Temple: D:4-7

Altars:
Elyvilon
Gozag
Vehumet

Annotations:
D:3 1 runed translucent door, Crazy Yiuf


Innate Abilities, Weirdness & Mutations

You have a pair of horns on your head.
You reflexively headbutt those who attack you in melee.


Message History

The gnoll sergeant closely misses you. The gnoll sergeant blocks your attack.
Your headbutt misses the gnoll sergeant.
The gnoll sergeant is moderately wounded.
The gnoll sergeant barely misses you.
You hit the gnoll sergeant but do no damage.
The gnoll sergeant is moderately wounded.
The gnoll sergeant hits you with a +0 trident!
* * * LOW HITPOINT WARNING * * *
You hit the gnoll sergeant but do no damage.
The gnoll sergeant blocks your attack.
The gnoll sergeant is moderately wounded.
The gnoll sergeant barely misses you. The gnoll sergeant blocks your attack.
You headbutt the gnoll sergeant, but do no damage.
The gnoll sergeant is moderately wounded.
You closely miss the gnoll sergeant.
The gnoll sergeant is moderately wounded.
The gnoll sergeant closely misses you. You furiously retaliate!
You headbutt the gnoll sergeant, but do no damage.
You hit the gnoll sergeant but do no damage.
Your headbutt misses the gnoll sergeant.
The gnoll sergeant is moderately wounded.
The gnoll sergeant hits you with a +0 trident!
* * * LOW HITPOINT WARNING * * *
The gnoll sergeant blocks your attack.
The gnoll sergeant is moderately wounded.
The gnoll sergeant hits you with a +0 trident.
* * * LOW HITPOINT WARNING * * *
The gnoll sergeant blocks your attack.
You headbutt the gnoll sergeant, but do no damage.
The gnoll sergeant is moderately wounded.
The gnoll sergeant hits you with a +0 trident.
* * * LOW HITPOINT WARNING * * *
You hit the gnoll sergeant.
The gnoll sergeant is heavily wounded.
The gnoll sergeant blocks your attack.
The gnoll sergeant is heavily wounded.
The gnoll sergeant hits you with a +0 trident!
You die...

.## #..# #......## ##.# ##
#..# ##......# #.# ##..#
##.......# #.# ##...#
##........## #># ##....#
##....##....####.#
#.....####....####....##..#
##.....#..>..## ##.......#
#..........## #......##
##.......@## #....###
##......g# #...##
#........# #...##
#.........# .....#
#...####............ #..##
#........... ..## ...###..#
..# ...#)#... ...###..#


You could see a gnoll sergeant.

Vanquished Creatures
  An orc warrior (D:4)
  Blork the orc (D:5)
  4 phantoms
  A gnoll sergeant (D:5)
  3 scorpions
  A wight (D:5)
  A hound (D:5)
  An iguana (D:3)
  Jessica (D:2)
  Ijyb (D:3)
  An orc wizard (D:4)
  Robin (D:3)
  A gnoll (D:1)
  4 adders
  A shadow imp (D:5)
  A white imp (D:5)
  A worm (D:3)
  2 dart slugs
  8 orcs
  9 ball pythons
  10 endoplasms
  2 giant cockroaches
  14 goblins
  8 hobgoblins
  6 jackals
  9 quokkas
  8 bats
  A frilled lizard (D:2)
  7 kobolds
  6 rats
115 creatures vanquished.

Notes
Turn   | Place    | Note
-------+----------+-------------------------------------------
     0 | D:1      | Earthwalker the Minotaur Fighter began the quest for the
                  | Orb.
     0 | D:1      | Reached XP level 1. HP: 19/19 MP: 0/0
   108 | D:1      | Reached XP level 2. HP: 23/27 MP: 1/1
   537 | D:1      | Reached XP level 3. HP: 33/33 MP: 2/2
   771 | D:1      | Found a faded altar of an unknown god.
  1355 | D:2      | Noticed Jessica
  1359 | D:2      | Killed Jessica
  1360 | D:2      | Reached XP level 4. HP: 39/40 MP: 3/3
  1780 | D:3      | Noticed Robin
  1809 | D:3      | Killed Robin
  1943 | D:3      | Noticed Ijyb
  1946 | D:3      | Paralysed by Ijyb for 2 turns
  1953 | D:3      | Killed Ijyb
  1954 | D:3      | Reached skill level 1 in Dodging
  1954 | D:3      | Reached skill level 1 in Invocations
  1954 | D:3      | Reached XP level 5. HP: 46/46 MP: 4/4
  1959 | D:3      | Found a radiant altar of Vehumet.
  2021 | D:3      | Reached skill level 1 in Stealth
  2422 | D:3      | Found a runed translucent door.
  2423 | D:3      | Noticed Crazy Yiuf
  3209 | D:4      | Noticed a phantom
  3223 | D:4      | Killed a phantom
  3224 | D:4      | Reached skill level 1 in Throwing
  3224 | D:4      | Reached XP level 6. HP: 44/52 MP: 5/5
  3567 | D:4      | Reached skill level 5 in Armour
  3567 | D:4      | Reached skill level 1 in Evocations
  3901 | D:4      | Reached skill level 5 in Polearms
  3915 | D:4      | Reached XP level 7. HP: 60/60 MP: 7/7
  4027 | D:4      | Found an opulent altar of Gozag.
  4155 | D:5      | Entered Level 5 of the Dungeon
  5337 | D:5      | Found a white marble altar of Elyvilon.
  5716 | D:5      | Reached skill level 5 in Fighting
  5716 | D:5      | Reached XP level 8. HP: 67/68 MP: 8/8
  5808 | D:5      | Noticed Blork the orc
  5836 | D:5      | Killed Blork the orc
  6115 | D:5      | HP: 2/68 [gnoll sergeant/+0 trident (3)]
  6117 | D:5      | Mangled by a gnoll sergeant

Illustrated notes

Levels and vault maps discovered:
D:1:      dreamdust_arrival_sigmund_warning, layout_basic,
          ebering_ecumenical_altar_petrified
D:2:      layout_basic, serial_bayou_pond_d, uniq_jessica
D:3:      layout_loops_ring, mainiacjoe_overflow_paths, nrook_loot_triangle,
          uniq_ijyb, uniq_crazy_yiuf_cottage, uniq_robin
D:4:      layout_basic, mainiacjoe_overflow_six_doors_small
D:5:      layout_layer_cave, lemuel_tele_altar, sword_in_stone,
          uniq_blork_the_orc

Skill      XL: |  1  2  3  4  5  6  7  8 |
---------------+-------------------------+-----
Fighting       | 4 5 |  5.0
Armour         | 4 5 6 |  6.1
Shields        | 4 |  4.8
Polearms       | 3 4 5 6 |  6.0
Dodging        | 1 2 |  2.3
Invocations    | 1 2 |  2.4
Stealth        | 1 2 |  2.1
Throwing       | 1 2 |  2.2
Evocations     | 1 |  1.9

Action                   |  1- 3 |  4- 6 |  7- 9 || total
-------------------------+-------+-------+-------++-------
Melee: Trident           |    58 |       |       ||    58
       Headbutt          |    10 |    36 |    22 ||    68
       Spear             |    32 |   211 |   123 ||   366
Throw: Javelin           |       |       |     2 ||     2
  Use: Scroll            |       |     7 |       ||     7
Armor: Scale mail        |    49 |    71 |    21 ||   141
Dodge: Dodged            |    41 |    70 |    42 ||   153
Block: Buckler           |    26 |    34 |     5 ||    65
